AoeStats
← 不動游星

African Clearing

510523492Analyzed
4v4 RM · 24h ago on Oct 1, 2026· 50m 19s· 8 players
Game mode
Random Map
Map size
Large (8 player)
Population
200
Speed
Normal
Resources
Standard
Victory
Conquest
Starting age
Dark Age
Ending age
Imperial Age
RankedLock teamsTeams togetherTeam positionsShared explorationLock speedFull tech treeHidden civsTurbo modeCheats
Victory
Defeat
🇺🇦 Koreans · Ukraine
998
+12
🇨🇱 Cumans · Chile
947
+14
🇧🇷 Malay · Brazil
871
+16
🇬🇧 Georgians · United Kingdom
831
+17
🇨🇳 Huns · China
944
-17
🇨🇳 Mongols · China
921
-16
🇻🇳 Saracens · Vietnam
868
-14
🇹🇼 Italians · Taiwan
826
-12
不動游星
13:22 Feudal Age
17:30 Double-Bit Axe
20:00 Castle Age
18:59 Horse Collar
21:15 Bow Saw
32:30 Imperial Age
32:45 Wheelbarrow
32:03 Fletching
32:14 Padded Archer Armor
35:10 Chemistry
34:54 Hand Cart
36:03 Conscription
36:21 Thumb Ring
36:02 Elite Skirmisher
38:31 Heavy Plow
39:17 Bodkin Arrow
39:38 Leather Archer Armor
41:24 Bracer
41:54 Ring Archer Armor
46:25 Light Cavalry
47:16 Bloodlines
47:06 Husbandry
顺风打工人
4:18 Loom
14:24 Feudal Age
17:08 Double-Bit Axe
17:30 Town Watch
18:22 Gold Mining
20:37 Castle Age
19:15 Stone Mining
19:39 Bloodlines
20:02 Scale Barding Armor
20:10 Forging
22:10 Light Cavalry
23:10 Horse Collar
24:14 Wheelbarrow
24:57 Gold Shaft Mining
24:58 Stone Shaft Mining
25:44 Chain Barding Armor
27:28 Fervor
33:27 Hand Cart
38:16 Heavy Plow
43:06 Imperial Age
41:16 Masonry
41:27 Ballistics
41:03 Murder Holes
41:05 Fletching
41:15 Padded Archer Armor
41:36 Pikeman
42:17 Squires
43:10 Scale Mail Armor
43:06 Bodkin Arrow
43:27 Leather Archer Armor
dangcongtien.thcslb
13:08 Feudal Age
16:17 Forging
20:57 Castle Age
20:13 Stone Mining
20:13 Double-Bit Axe
25:53 Pikeman
26:35 Squires
26:51 Forging
34:21 Horse Collar
35:26 Wheelbarrow
34:36 Loom
38:53 Imperial Age
36:43 Hand Cart
37:16 Husbandry
37:27 Bloodlines
37:54 Iron Casting
37:27 Scale Barding Armor
37:12 Fletching
40:22 Ballistics
41:03 Chemistry
40:09 Siege Engineers
40:49 Bow Saw
41:29 Heavy Plow
41:28 Arson
42:05 Chain Barding Armor
41:41 Bodkin Arrow
41:26 Elite Mameluke
42:27 Conscription
zenghui
13:44 Feudal Age
12:02 Loom
19:11 Castle Age
17:39 Double-Bit Axe
18:20 Bloodlines
18:40 Horse Collar
20:31 Wheelbarrow
20:16 Bow Saw
21:43 Hand Cart
27:16 Scale Barding Armor
28:41 Heavy Plow
37:22 Imperial Age
35:20 Forging
35:31 Husbandry
36:19 Chain Barding Armor
35:59 Murder Holes
35:57 Fletching
37:02 Iron Casting
37:48 Gold Mining
37:27 Cavalier
39:09 Two-Man Saw
38:56 Plate Barding Armor
39:19 Gold Shaft Mining
40:13 Chemistry
40:56 Blast Furnace
40:34 Paladin
41:55 Conscription
44:29 Town Watch
TheBunjiMunji
7:59 Loom
16:05 Feudal Age
21:18 Castle Age
19:48 Horse Collar
19:54 Double-Bit Axe
20:45 Stone Mining
20:45 Gold Mining
22:16 Heavy Plow
22:29 Bow Saw
31:26 Wheelbarrow
33:46 Hand Cart
37:15 Imperial Age
35:09 Padded Archer Armor
35:34 Ballistics
35:10 Guard Tower
37:36 Town Watch
37:43 Fletching
38:09 Leather Archer Armor
37:48 Arrowslits
39:04 Chemistry
38:42 Keep
38:18 Fortified Wall
38:06 Murder Holes
38:18 Siege Engineers
37:54 Treadmill Crane
38:56 Crop Rotation
39:03 Stone Shaft Mining
38:26 Bodkin Arrow
39:33 Svan Towers
39:48 Conscription
39:51 Caravan
41:27 Bracer
41:35 Scale Barding Armor
41:41 Forging
42:16 Masonry
45:55 Town Patrol
sparttanez
3:31 Loom
14:17 Feudal Age
15:26 Double-Bit Axe
16:16 Horse Collar
20:35 Town Watch
21:25 Wheelbarrow
24:35 Castle Age
26:43 Hand Cart
29:27 Ballistics
28:49 Treadmill Crane
29:14 Fishing Lines
29:08 Crossbowman
33:09 Imperial Age
31:16 Fletching
31:30 Gillnets
32:56 Bodkin Arrow
33:17 Bow Saw
34:19 Conscription
35:46 Bracer
37:46 Thumb Ring
37:43 Gold Mining
39:34 Gold Shaft Mining
38:47 Arbalester
41:20 Chemistry
45:41 Stone Mining
49:24 Eupseong
Fuller THE MONSTER
14:46 Feudal Age
19:51 Castle Age
18:29 Gold Mining
18:21 Horse Collar
18:38 Double-Bit Axe
20:11 Forging
22:29 Scale Barding Armor
23:37 Husbandry
28:20 Bow Saw
28:57 Wheelbarrow
30:00 Gold Mining
29:58 Loom
33:16 Imperial Age
32:51 Iron Casting
32:58 Gold Shaft Mining
34:09 Stone Mining
35:44 Blast Furnace
35:35 Devotion
37:17 Elite Battle Elephant
40:40 Elite Karambit Warrior
41:45 Conscription
Calcetin
9:43 Loom
13:08 Feudal Age
19:02 Horse Collar
23:35 Castle Age
23:03 Double-Bit Axe
23:12 Stone Mining
26:10 Gold Mining
29:41 Wheelbarrow
28:53 Town Watch
31:22 Hand Cart
32:50 Bow Saw
32:42 Heavy Plow
37:42 Imperial Age
35:54 Gold Shaft Mining
35:35 Bloodlines
36:29 Forging
36:25 Scale Barding Armor
38:27 Iron Casting
37:47 Elite Steppe Lancer
38:37 Steppe Husbandry
39:05 Chain Barding Armor
39:41 Crop Rotation
40:17 Blast Furnace
40:48 Plate Barding Armor
Connection lost

Rejoining the realm…

Still unreachable

The connection could not be restored.

Session expired

The server has moved on; the page needs a fresh start.